 Dungeon Crawl Stone Soup version 0.20-a0-941-gba1b1f9 (webtiles) character file.

2468 Alarkh the Martial Artist (level 9, -3/68 HPs)
             Began as a Demonspawn Monk on Mar 31, 2017.
             Was a Believer of Okawaru.
             Slain by a two-headed ogre
             ... wielding a +0 giant club
              (18 damage)
             ... on level 8 of the Dungeon.
             The game lasted 00:10:21 (8486 turns).

Alarkh the Martial Artist (Demonspawn Monk)         Turns: 8486, Time: 00:10:22

Health: -3/68      AC:  8    Str: 11    XL:     9   Next: 26%
Magic:  9/10       EV: 21    Int: 17    God:    Okawaru [**....]
Gold:   249        SH:  0    Dex: 22    Spells: 8/8 levels left

rFire    + + .     SeeInvis .     - Unarmed
rCold    + + .     Gourm    .   (no shield)
rNeg     . . .     Faith    .   B - +2 robe {rC+ rF+}
rPois    .         Spirit   .   (no helmet)
rElec    .         Reflect  .   u - +0 cloak
rCorr    .         Harm     .   I - +0 pair of gloves
MR       .....                  s - +0 pair of boots
Stlth    ++++......             (no amulet)
Regen    0.3/turn               F - +6 ring of dexterity
MPRegen  0.2/turn               x - +2 ring of slaying

@: lethally poisoned (-3 -> -5), heroism
A: hooves 1, clever 1, cold resistance 1, fire resistance 1, powered by death 1,
sturdy frame 1
a: Heroism, Renounce Religion


You were on level 8 of the Dungeon.
You worshipped Okawaru.
Okawaru was pleased with you.
You were hungry.

You visited 2 branches of the dungeon, and saw 9 of its levels.
You also visited: Sewer.

You collected 392 gold pieces.
You spent 143 gold pieces at shops.

Inventory:

Armour
 a - a +0 robe
 r - a +0 shield
 s - a +0 pair of boots (worn)
 t - a +0 buckler
 u - a +0 cloak (worn)
 v - a +0 ring mail
 B - a +2 robe of resistance (worn)
 H - a +0 leather armour
 I - a +0 pair of gloves (worn)
Jewellery
 g - an uncursed ring of resist corrosion
 k - an uncursed ring of fire
 x - a +2 ring of slaying (right hand)
 F - a +6 ring of dexterity (left hand)
 G - an uncursed ring of see invisible
 K - a +3 ring of evasion {unknown}
Wands
 w - a wand of lightning (7/15)
 y - a wand of digging (17/24)
Scrolls
 e - a scroll of remove curse
 h - a scroll of noise {unknown}
 i - a scroll of fear {unknown}
 j - 7 scrolls of recharging
 n - 3 scrolls of blinking
 o - 2 scrolls of teleportation
 p - a scroll of magic mapping {unknown}
 C - a scroll of fog {unknown}
 E - a scroll of random uselessness {unknown}
Potions
 f - 3 potions of curing
 l - a potion of flight
 m - a potion of might
 z - 3 potions of mutation
 A - 2 potions of magic
 D - a potion of invisibility {unknown}
 J - a potion of haste
Comestibles
 b - 9 bread rations
 c - a royal jelly
 d - 7 meat rations
 q - 6 fruits


   Skills:
 + Level 5.1(10.1) Fighting
 + Level 4.7(9.7) Dodging
 - Level 3.6(8.6) Stealth
 * Level 10.4(15.4) Unarmed Combat
 + Level 2.1 Invocations


You had 8 spell levels left.
You didn't know any spells.

Dungeon Overview and Level Annotations

Branches:
Dungeon (8/15)             Temple (1/1) D:6
   Lair: D:8-11

Altars:
Cheibriados
Dithmenos
Elyvilon
Fedhas
Gozag
Hepliaklqana
Kikubaaqudgha
Makhleb
Okawaru
Qazlal
Ru
Sif Muna
Trog
Uskayaw
Vehumet
Wu Jian
Xom
Yredelemnul
Zin
The Shining One

Shops:
D:4 }   D:6 (


Innate Abilities, Weirdness & Mutations

You have large cloven feet.
Your flesh is cold resistant. (rC+)
You regenerate a little health from kills.
Your movements are slightly less encumbered by armour. (ER -2)
Your mind is acute. (Int +2)
Your flesh is heat resistant. (rF+)


Message History

Okawaru accepts your kill.
You feel sick.
You barely miss the two-headed ogre. You punch the two-headed ogre.
The two-headed ogre is lightly wounded.
The two-headed ogre misses you. x2
You hit the two-headed ogre but do no damage.
The two-headed ogre is lightly wounded.
You barely miss the two-headed ogre. You punch the two-headed ogre.
The two-headed ogre is moderately wounded.
You feel sick. The two-headed ogre barely misses you.
The two-headed ogre misses you.
You hit the two-headed ogre. You punch the two-headed ogre.
The two-headed ogre is moderately wounded.
You are feeling hungry.
You hit the two-headed ogre but do no damage.
The two-headed ogre is moderately wounded.
The two-headed ogre hits you with a giant club!!
* * * LOW HITPOINT WARNING * * *
The two-headed ogre hits you with a giant club!!
You die...

. #.# #........ ..
#.# ##!....... ...
#.####..#......
.....##.##....#######
.............##
..###........#
..##...#..#.#
..#.#.......#
#.#@##.##.....
#.#O##.##......
###.Y{$†).......#
#.....##)###.(##
#..#.o..#.# #.
#o##......
#...)o.o...###
#..........%#
#....((......#


You could see a two-headed ogre, an ice beast and 3 orcs.

Vanquished Creatures
  Grinder (D:4)
  A spriggan (D:7)
  Sigmund (D:4)
  2 water moccasins
  Purgy (Sewer)
  A sky beast (D:5)
  A centaur (D:7)
  2 ogres
  A bullfrog (D:7)
  2 scorpions
  3 wights (D:8)
  2 howler monkeys
  A crimson imp (D:6)
  A jelly (D:6)
  4 hounds
  5 quasits
  A bullfrog skeleton (D:4)
  2 orc priests (D:7)
  A bullfrog zombie (D:5)
  3 centaur skeletons
  2 orc wizards (D:7)
  An iguana (D:4)
  4 worker ants
  A killer bee zombie (D:8)
  2 hound skeletons (D:6)
  A mummy (D:6)
  8 adders
  2 river rats (D:4)
  A shadow imp (D:7)
  An adder skeleton (D:8)
  2 worms (D:3)
  3 leopard geckos
  14 orcs
  3 ball pythons
  9 bats
  8 giant cockroaches
  7 goblins
  7 hobgoblins
  6 jackals (D:5)
  3 quokkas
  7 frilled lizards
  A jackal skeleton (D:5)
  3 kobolds
  A leopard gecko skeleton (D:5)
  A leopard gecko zombie (D:5)
  8 rats
142 creatures vanquished.

Notes
Turn   | Place    | Note
-------+----------+-------------------------------------------
     0 | D:1      | Alarkh the Demonspawn Monk began the quest for the Orb.
     0 | D:1      | Reached XP level 1. HP: 19/19 MP: 1/1
   249 | D:1      | Reached skill level 1 in Unarmed Combat
   491 | D:1      | Gained mutation: You regenerate a little health from kills. [demonic ancestry]
   491 | D:1      | Reached XP level 2. HP: 12/25 MP: 2/2
  1139 | D:1      | Reached skill level 2 in Unarmed Combat
  1538 | D:2      | Reached XP level 3. HP: 28/30 MP: 3/3
  1604 | D:2      | Found an opulent altar of Gozag.
  2012 | D:2      | Found a blossoming altar of Fedhas.
  2105 | D:3      | Reached skill level 3 in Unarmed Combat
  2661 | D:3      | Gained mutation: Your movements are slightly less encumbered by armour. (ER -2) [demonic ancestry]
  2661 | D:3      | Reached XP level 4. HP: 28/37 MP: 4/4
  2801 | D:3      | Found a shimmering altar of Xom.
  2808 | D:3      | Found a shimmering altar of Xom.
  2809 | D:3      | Found a shimmering altar of Xom.
  2809 | D:3      | Found a shimmering altar of Xom.
  2810 | D:3      | Found a shimmering altar of Xom.
  2810 | D:3      | Found a shimmering altar of Xom.
  2811 | D:3      | Found a shimmering altar of Xom.
  2811 | D:3      | You fall through a shaft!
  2911 | D:4      | Noticed Sigmund
  2916 | D:4      | Gained mutation: Your flesh is heat resistant. (rF+) [potion of mutation]
  2916 | D:4      | Gained mutation: Your mind is acute. (Int +2) [potion of mutation]
  2958 | D:4      | Killed Sigmund
  2958 | D:4      | Reached skill level 4 in Unarmed Combat
  2958 | D:4      | Reached XP level 5. HP: 39/42 MP: 5/5
  2987 | D:4      | Reached skill level 5 in Unarmed Combat
  3032 | D:4      | Found a glowing drain.
  3186 | Sewer    | Entered a sewer
  3216 | Sewer    | Noticed Purgy
  3256 | Sewer    | Killed Purgy
  3256 | Sewer    | Gained mutation: You have large cloven feet. [demonic ancestry]
  3256 | Sewer    | Reached XP level 6. HP: 16/48 MP: 6/6
  3871 | D:4      | Reached skill level 6 in Unarmed Combat
  3928 | D:4      | Found Genoyhut's Gadget Shop.
  3941 | D:4      | Bought a wand of lightning (7/15) for 143 gold pieces
  4089 | D:4      | Found a deep blue altar of Sif Muna.
  4117 | D:4      | Found a stormy altar of Qazlal.
  4418 | D:4      | Noticed Grinder
  4437 | D:4      | Killed Grinder
  4437 | D:4      | Reached skill level 7 in Unarmed Combat
  4437 | D:4      | Reached XP level 7. HP: 26/54 MP: 7/7
  5153 | D:4      | Found a basalt altar of Yredelemnul.
  5153 | D:4      | Found a radiant altar of Vehumet.
  5274 | D:4      | Reached skill level 8 in Unarmed Combat
  5374 | D:5      | Entered Level 5 of the Dungeon
  5440 | D:5      | HP: 2/54 [ogre/giant club (15)]
  5735 | D:5      | Gained mutation: Your flesh is cold resistant. (rC+) [demonic ancestry]
  5735 | D:5      | Reached XP level 8. HP: 45/60 MP: 8/8
  6423 | D:5      | Reached skill level 9 in Unarmed Combat
  6705 | D:6      | Found Xumaff's Weapon Shop.
  6821 | D:6      | Found a snail-covered altar of Cheibriados.
  6915 | D:6      | Found a sacrificial altar of Ru.
  6992 | D:6      | Found a staircase to the Ecumenical Temple.
  7001 | Temple   | Entered the Ecumenical Temple
  7081 | Temple   | Became a worshipper of Warmaster Okawaru
  7081 | Temple   | Reached * piety under Okawaru
  7081 | Temple   | Reached ** piety under Okawaru
  7860 | D:7      | Reached skill level 10 in Unarmed Combat
  8050 | D:7      | Reached XP level 9. HP: 48/66 MP: 6/9
  8445 | D:8      | Reached skill level 5 in Fighting
  8449 | D:8      | Reached skill level 1 in Invocations
  8464 | D:8      | Noticed a two-headed ogre
  8486 | D:8      | Slain by a two-headed ogre

Vault maps used:
D:1:      wheals_arrival_shading
D:2:      fedhas_altar_fruit_tree, nicolae_gozag_cash_rules_everything_around_me
D:3:      xom_redecorated, minmay_misc_feat_roman
D:4:      cheibrodos_quashed, kennysheep_mini, led_sif_pool,
          gammafunk_temple_overflow_wave, portal_sewer_entry_a, first_bread,
          serial_shops, nicolae_shop_stone, uniq_grinder, uniq_sigmund
D:5:      chequers_big_river
D:6:      nicolae_overflow_crystal_walls, slow_altar_1,
          minmay_temple_entry_glass, serial_shops, shop
D:7:      the_bakery
Temple:   nicolae_temple_hex_pool
Sewer:    sewer_co_purgy_island

Skill      XL: |  1  2  3  4  5  6  7  8  9 |
---------------+----------------------------+-----
Unarmed Combat | 1 2 3 4 5 7 8 10 | 10.4
Dodging        | 4 |  4.7
Fighting       | 5 |  5.1
Invocations    | 2 |  2.1
Stealth        | |  3.6

Action                   |  1- 3 |  4- 6 |  7- 9 || total
-------------------------+-------+-------+-------++-------
Melee: Unarmed           |   226 |   173 |   317 ||   716
       Punch             |     1 |     5 |    23 ||    29
       Kick              |       |     8 |       ||     8
Invok: Heroism           |       |       |     3 ||     3
Evoke: Wand              |       |       |     1 ||     1
  Use: Scroll            |     1 |     5 |     2 ||     8
       Potion            |       |    10 |     1 ||    11
 Stab: Sleeping          |    13 |     2 |     8 ||    23
       Distracted        |       |       |     1 ||     1
  Eat: Chunk             |     6 |     5 |    13 ||    24
Armor: Robe              |    43 |    19 |    43 ||   105
       Ring mail         |       |    10 |    99 ||   109
       Leather armour    |       |       |     6 ||     6
Dodge: Dodged            |   170 |    96 |   260 ||   526
